[Event "Early-Titled-Tuesday-Blitz-May-14-2024"]
[Site "Chess.com"]
[Date "2024.05.14"]
[Round "4"]
[White "Smoking_Crow"]
[Black "Khromkin"]
[Result "0-1"]
[WhiteElo "2575"]
[BlackElo "2396"]
[TimeControl "180+1"]
[EndTime "8:39:22 PDT"]
[Termination "Khromkin won by resignation"]

1. e4 c5 2. Nf3 Nc6 3. c3 d5 4. exd5 Qxd5 5. d4 Bg4 6. Be2 cxd4 7. cxd4 e6 8. Nc3 Qa5 9. O-O Nf6 10. Bd2 Be7 11. h3 Bh5 12. Qb3 Qb4 13. Qc2 Bxf3 14.
Bxf3 Nxd4 15. Qd3 Rd8 16. Nd5 Nxf3+ 17. gxf3 Rxd5 18. Qxd5 Nxd5 19. Bxb4 Bxb4 20. Rac1 Ke7 21. Rfd1 Rd8 22. Rc4 Bd6 23. a3 Kd7 24. Rh4 h6 25. Rg4 g5 26. h4 Bf4 27. hxg5 hxg5 28. Kf1 Rc8 29. Rg1 Rc2 30. b4 Ra2 31. Rh1 Rxa3 32.
Kg2 Ra2 33. Rh8 Ke7 34. Kg1 Nxb4 35. Rhd8 Nd5 36. Ra8 b5 37. Rb1 b4 38. Kg2 a5 39.
Ra7+ Kf6 40. Kg1 a4 41. Ra6 b3 42. Rd1 Kf5 43. Ra5 b2 44. Rb5 a3 45. Rd3 Ra1+ 0-1

[Event "Early-Titled-Tuesday-Blitz-May-14-2024"]
[Site "Chess.com"]
[Date "2024.05.14"]
[Round "4"]
[White "1stSecond"]
[Black "Hikaru"]
[Result "0-1"]
[WhiteElo "2894"]
[BlackElo "3208"]
[TimeControl "180+1"]
[EndTime "8:39:24 PDT"]
[Termination "Hikaru won by resignation"]

1. d4 g6 2. Nf3 Bg7 3. g3 d6 4.
Bg2 Bd7 5. O-O Qc8 6. Re1 Bh3 7. Bh1 h5 8. c4 h4 9. Qd3 Nc6 10. Bd2 hxg3 11. fxg3 Bg4 12. Bc3 Qf5 13. Qxf5 gxf5 14. Nbd2 e6 15. Rac1 Nce7 16. d5 Bxc3 17. Rxc3 e5 18.
Ng5 Nf6 19. Bg2 Rh5 20. h4 Nh7 21. Ndf3 Nf8 22. Nh2 f6 23. Ne6 Nxe6 24. dxe6 O-O-O 25. Kf2 Rh6 26. Ra3 a6 27. Rb3 c6 28.
Rd1 Bh5 29. Rbd3 Kc7 30. Bh3 Bg6 31. R3d2 Bh7 32. Nf1 Bg8 33. Ne3 Bxe6 34. Kg2 f4 35.
Bxe6 fxe3 36. Rd3 f5 37. Bf7 Rf8 0-1

[Event "Early-Titled-Tuesday-Blitz-May-14-2024"]
[Site "Chess.com"]
[Date "2024.05.14"]
[Round "4"]
[White "CaspiIsrael"]
[Black "A4RookA3"]
[Result "1-0"]
[WhiteElo "2611"]
[BlackElo "2429"]
[TimeControl "180+1"]
[EndTime "8:39:24 PDT"]
[Termination "CaspiIsrael won by checkmate"]

1. e4 c6 2. d4 d5 3. e5 Bf5 4. Nf3 e6 5. Be2 c5 6. c4 dxc4 7. O-O Nc6 8. Na3 cxd4 9. Nxc4 Bc5 10. Bd3 Nge7 11. a3 a5 12. Bg5 Bxd3 13. Qxd3 O-O 14.
Rfd1 Qd5 15. Rac1 h6 16. Bxe7 Nxe7 17. Qb3 a4 18. Qc2 Rac8 19. Qxa4 d3 20. Qb3 b5 21. Na5 Rfd8 22. Qxd5 Rxd5 23. Kf1 Bb6 24. Rxc8+ Nxc8 25. Nc6 Kf8 26. Nb4 Rc5 27. Rxd3 Ke7 28. Ke2 Na7 29. g3 Nc6 30. Nxc6+ Rxc6 31. Rd2 Rc5 32. h4 Ba5 33. b4 Rc3 34. bxa5 Rxa3 35. Nd4 Rxa5 36. Nc6+ Ke8 37. Rd8# 1-0

[Event "Early-Titled-Tuesday-Blitz-May-14-2024"]
[Site "Chess.com"]
[Date "2024.05.14"]
[Round "4"]
[White "manitodeplomo"]
[Black "sofaceindisguise"]
[Result "1-0"]
[WhiteElo "2594"]
[BlackElo "2749"]
[TimeControl "180+1"]
[EndTime "8:39:26 PDT"]
[Termination "manitodeplomo won by resignation"]

1. d4 Nf6 2. c4 e6 3. Nf3 d5 4. Nc3 dxc4 5. e3 Be7 6. Bxc4 O-O 7. O-O a6 8. Qe2 b5 9. Bd3 Bb7 10. e4 c5 11. dxc5 Bxc5 12. e5 Nd5 13. Bxh7+ Kxh7 14. Ng5+ Kg8 15. Qh5 Qxg5 16. Bxg5 Nxc3 17. bxc3 Nd7 18. Rae1 Rfc8 19. Kh1 Bf8 20. Re3 g6 21. Qh4 Rc4 22. f4 Bg7 23. Bf6 Kf8 24. Rh3 Bxf6 25.
exf6 Ke8 26. Qh8+ Nf8 27. Qg7 Kd7 28. Qxf7+ Kc6 29. Rh8 Nd7 30. Rxa8 Bxa8 31. Qxe6+ Kc7 32. f7 Rxc3 33. Qxd7+ Kxd7 34. f8=Q Rc2 35. Qg7+ Kc8 36. Qxg6 Rxa2 37. f5 1-0

[Event "Early-Titled-Tuesday-Blitz-May-14-2024"]
[Site "Chess.com"]
[Date "2024.05.14"]
[Round "4"]
[White "Semetey"]
[Black "lamomiajunior"]
[Result "0-1"]
[WhiteElo "2583"]
[BlackElo "2773"]
[TimeControl "180+1"]
[EndTime "8:39:30 PDT"]
[Termination "lamomiajunior won on time"]

1. Nc3 d5 2. e4 dxe4 3. Nxe4 c6 4. Nf3 Nf6 5. Ng3 h5 6. h4 Bg4 7. Be2 e6 8. d4 Bd6 9. Bg5 Nbd7 10. c3 Qc7 11.
Nf1 O-O-O 12. Qa4 Kb8 13. Ne3 Rde8 14. Nc4 Bf4 15. Qb4 Nd5 16. Qb3 Bxg5 17. Nxg5 Bxe2 18.
Kxe2 e5 19. Kf1 exd4 20. cxd4 f6 21. Nf7 Rhf8 22. Nfd6 Re6 23. Nf5 g6 24. Nfe3 Nxe3+ 25. Nxe3 Rfe8 26. g3 f5 27. Ng2 Re4 28. Rd1 Nf6 29.
Ne1 Ng4 30. Kg2 Re2 31. Nd3 Ne3+ 32. Kh3 Nxd1 33. Rxd1 f4 34. Nxf4 Rxf2 35. d5 Qd7+ 36. Ne6 cxd5 0-1

[Event "Early-Titled-Tuesday-Blitz-May-14-2024"]
[Site "Chess.com"]
[Date "2024.05.14"]
[Round "4"]
[White "Mbneu"]
[Black "Lady_Nika"]
[Result "0-1"]
[WhiteElo "2229"]
[BlackElo "2490"]
[TimeControl "180+1"]
[EndTime "8:39:30 PDT"]
[Termination "Lady_Nika won by resignation"]

1. d4 d5 2. c4 e6 3. Nf3 f5 4. g4 fxg4 5. Ne5 Nf6 6. h3 Nbd7 7. Nxg4 Bb4+ 8. Bd2 Bxd2+ 9. Nxd2 O-O 10. Bg2 c6 11. Qc2 Qe7 12. O-O-O b6 13. e4 dxc4 14. e5 Nd5 15. Ne4 Ba6 16. h4 Nf4 17. Ng5 Nd3+ 18. Kb1 h5 19. Ne3 Rxf2 20. Rd2 Rxd2 21. Qxd2 Rf8 22.
Rf1 Rxf1+ 23. Bxf1 c5 24. Qg2 cxd4 25. Qe4 Nf8 26.
Nxc4 Bxc4 27. Bxd3 Bxd3+ 28. Qxd3 Qb4 29. a3 Qe1+ 30.
Ka2 Qxh4 31. Ne4 Qd8 32. Qg3 Qd5+ 0-1

[Event "Early-Titled-Tuesday-Blitz-May-14-2024"]
[Site "Chess.com"]
[Date "2024.05.14"]
[Round "4"]
[White "Perecke"]
[Black "PapaieDudu"]
[Result "1-0"]
[WhiteElo "2569"]
[BlackElo "2375"]
[TimeControl "180+1"]
[EndTime "8:39:31 PDT"]
[Termination "Perecke won by resignation"]

1. e4 c5 2. Nf3 d6 3. d4 cxd4 4. Nxd4 Nf6 5. Nc3 a6 6. h3 b5 7. g4 Bb7 8. Bg2 h6 9. O-O e6 10. Re1 Be7 11. f4 O-O 12. g5 hxg5 13. fxg5 Nfd7 14.
g6 Bh4 15. Rf1 Ne5 16. gxf7+ Rxf7 17. Rxf7 Kxf7 18. Qh5+ Ng6 19. Nxe6 Qf6 20. Ng5+ Ke7 21. Nf3 Kd7 22. Nd5 Bxd5 23. exd5 Bg3 24. Qg4+ Kc7 25. Qxg3 Nd7 26. c3 Rf8 27. Bg5 Qf5 28. Re1 Nc5 29.
Nd4 Qd7 30. b4 Na4 31. Ne6+ Kb7 32. Qd3 Nb6 33. Qxg6 Rf7 34. Qxf7 Qxf7 35. Nd8+ Ka7 36. Nxf7 1-0

[Event "Early-Titled-Tuesday-Blitz-May-14-2024"]
[Site "Chess.com"]
[Date "2024.05.14"]
[Round "4"]
[White "Andrei_Skvortsov"]
[Black "Pedrada88"]
[Result "1-0"]
[WhiteElo "2755"]
[BlackElo "2568"]
[TimeControl "180+1"]
[EndTime "8:39:32 PDT"]
[Termination "Andrei_Skvortsov won on time"]

1. e4 c6 2. e5 g6 3. Nf3 Bg7 4. Bc4 d5 5. exd6 exd6 6. O-O d5 7. Re1+ Ne7 8. Bf1 O-O 9. h3 a5 10. d4 a4 11. c3 Bf5 12. Na3 Nd7 13. Nc2 Nc8 14. Ne3 Be4 15. Nd2 Nd6 16. f3 Bf5 17. Nxf5 Nxf5 18. Bd3 Qh4 19. Nf1 Rfe8 20. Bd2 a3 21. b3 Ng3 22. Rxe8+ Rxe8 23. Be1 Bxd4+ 24. cxd4 Rxe1 25. Qxe1 Qxd4+ 26. Kh2 Nh5 27. Bc2 Qf4+ 28. Kh1 Ne5 29. Qe3 Ng3+ 30. Kg1 Ne2+ 31. Kf2 Qd4 32.
Qxd4 Nxd4 33. Re1 f6 34. Bb1 c5 35. Ne3 b5 36. Nxd5 Kf7 37. f4 Nec6 38. Nc3 b4 39. Ne4 f5 40. Nxc5 1-0

[Event "Early-Titled-Tuesday-Blitz-May-14-2024"]
[Site "Chess.com"]
[Date "2024.05.14"]
[Round "4"]
[White "crosky"]
[Black "SanchezKelvin"]
[Result "0-1"]
[WhiteElo "2304"]
[BlackElo "2609"]
[TimeControl "180+1"]
[EndTime "8:39:33 PDT"]
[Termination "SanchezKelvin won by checkmate"]

1. d4 d5 2. c4 dxc4 3. Nf3 Nf6 4. Nc3 e6 5. e4 c5 6. Bxc4 cxd4 7. Qxd4 Qxd4 8.
Nxd4 Bc5 9. Nb3 Bb4 10. f3 Bxc3+ 11. bxc3 b6 12. Bb5+ Bd7 13. Be2 O-O 14. Be3 Rc8 15.
c4 Na6 16. Kf2 Ba4 17. e5 Nd7 18. f4 Ndc5 19. Bf3 Rab8 20. Rhd1 Nb4 21. Bxc5 bxc5 22. Rd6 Nc2 23. Rc1 Bxb3 24. axb3 Nd4 25. Ra1 Rxb3 26.
Rxa7 Nxf3 27. gxf3 Rc3 28. Rc7 Ra8 29. Rxc5 h5 30. Rc7 Ra2+ 31. Kg3 Rcc2 32. Rd8+ Kh7 33. Rxf7 Kg6 34. Rfd7 Rg2+ 35. Kh3 Rxh2+ 36. Kg3 Rag2# 0-1

[Event "Early-Titled-Tuesday-Blitz-May-14-2024"]
[Site "Chess.com"]
[Date "2024.05.14"]
[Round "4"]
[White "JJDAREK"]
[Black "martinez_95"]
[Result "1-0"]
[WhiteElo "2389"]
[BlackElo "2159"]
[TimeControl "180+1"]
[EndTime "8:39:33 PDT"]
[Termination "JJDAREK won by resignation"]

1. d4 Nf6 2. c4 e6 3. Nf3 Bb4+ 4. Nbd2 c5 5. a3 Bxd2+ 6. Qxd2 O-O 7. dxc5 b6 8. cxb6 d5 9. e3 Qxb6 10. b4 Nc6 11. c5 Qc7 12. Bb2 Ne4 13. Qc2 a5 14.
b5 Ne7 15. c6 Ng6 16. Bd3 f5 17. O-O e5 18. Rfd1 Be6 19. a4 Rae8 20. Ba3 Rf7 21. Rab1 Nd6 22. b6 Qe7 23. Bxd6 Qxd6 24. Ng5 e4 25. Nxf7 Bxf7 26. Bb5 f4 27. c7 1-0

[Event "Early-Titled-Tuesday-Blitz-May-14-2024"]
[Site "Chess.com"]
[Date "2024.05.14"]
[Round "4"]
[White "Nitzan_Steinberg"]
[Black "Lennis93"]
[Result "1-0"]
[WhiteElo "2967"]
[BlackElo "2803"]
[TimeControl "180+1"]
[EndTime "8:39:35 PDT"]
[Termination "Nitzan_Steinberg won on time"]

1. e4 e6 2. d4 d5 3. Nc3 Bb4 4.
e5 c5 5. Bd2 Ne7 6. Nb5 Bxd2+ 7. Qxd2 O-O 8. f4 cxd4 9. Nf3 Nbc6 10. Nbxd4 Bd7 11. c3 f6 12. exf6 Rxf6 13. Bd3 Qc7 14. g3 e5 15. Nxe5 Nxe5 16. fxe5 Qxe5+ 17. Qe2 Qg5 18. Nf3 Qh5 19. O-O Nc6 20. Nd4 Bg4 21. Qd2 Raf8 22.
Rxf6 Rxf6 23. Rf1 Nxd4 24. Rxf6 gxf6 25. cxd4 Bf3 26. Qf4 Qg4 27. Qb8+ 1-0

[Event "Early-Titled-Tuesday-Blitz-May-14-2024"]
[Site "Chess.com"]
[Date "2024.05.14"]
[Round "4"]
[White "RedFirePanda"]
[Black "SirGerhard"]
[Result "0-1"]
[WhiteElo "2465"]
[BlackElo "2725"]
[TimeControl "180+1"]
[EndTime "8:39:35 PDT"]
[Termination "SirGerhard won by checkmate"]

1. d4 Nf6 2. Bf4 e6 3. e3 b6 4. Nd2 Bb7 5. Ngf3 Be7 6. h3 O-O 7.
Bd3 c5 8. c3 cxd4 9. exd4 d6 10. O-O Nbd7 11. Re1 Qc7 12. Rc1 Rfe8 13. Ne4 Nxe4 14.
Bxe4 Bxe4 15. Rxe4 Nf6 16. Re1 h6 17. Nd2 b5 18.
Ne4 Nxe4 19. Rxe4 Qc4 20. a3 d5 21. Re1 a5 22. Qg4 Kh8 23. Re3 Bf6 24. Rg3 Kh7 25. Qh5 Ra7 26. Rd1 b4 27. Rdd3 bxa3 28. bxa3 Rb7 29. Rdf3 Rb1+ 30. Kh2 Qf1 31. Rg4 Qh1+ 32. Kg3 Rg1 33. Bxh6 Rxg2+ 34. Kf4 Qc1+ 35. Re3 Rxf2+ 36. Kg3 Qg1# 0-1

[Event "Early-Titled-Tuesday-Blitz-May-14-2024"]
[Site "Chess.com"]
[Date "2024.05.14"]
[Round "4"]
[White "teresin05"]
[Black "ural58"]
[Result "1-0"]
[WhiteElo "2272"]
[BlackElo "2476"]
[TimeControl "180+1"]
[EndTime "8:39:35 PDT"]
[Termination "teresin05 won by resignation"]

1. e4 d5 2. exd5 Qxd5 3. Nc3 Qa5 4. d4 Nf6 5. Nf3 Nc6 6. Be2 Bg4 7. h3 Bxf3 8. Bxf3 Rd8 9. Be3 e5 10. Bxc6+ bxc6 11. Qe2 Bb4 12. O-O Bxc3 13. bxc3 Qxc3 14. dxe5 Qxe5 15. Qc4 Qd5 16. Qb4 a5 17. Qa3 Rd6 18. Bc5 Re6 19. Rfd1 Qc4 20. Qxa5 Nd5 21. Qa8+ Kd7 22.
Qxh8 Qxc5 23. Qxg7 Re7 24. Qxh7 f6 25. Qf5+ Kd6 26.
Qxf6+ Kd7 27. Qf5+ Kd6 28. Qf4+ Kd7 29. c4 Qb4 30.
Qf5+ 1-0

[Event "Early-Titled-Tuesday-Blitz-May-14-2024"]
[Site "Chess.com"]
[Date "2024.05.14"]
[Round "4"]
[White "ajeale2"]
[Black "lluiss"]
[Result "1-0"]
[WhiteElo "2484"]
[BlackElo "2203"]
[TimeControl "180+1"]
[EndTime "8:39:35 PDT"]
[Termination "ajeale2 won on time"]

1. b3 d5 2. Bb2 Bf5 3. Nf3 e6 4. e3 Nf6 5. Be2 h6 6. O-O Be7 7. d3 O-O 8. c4 c6 9. Nc3 Nbd7 10. Rc1 a5 11. Re1 Bh7 12. Bf1 Nc5 13. Ne5 a4 14. d4 a3 15. Ba1 Na6 16. c5 Nb4 17.
Qd2 Nd7 18. Nxd7 Qxd7 19. Na4 Rxa4 20. bxa4 Na6 21. Bd3 Bd8 22. Bxh7+ Kxh7 23. Qd3+ Kg8 24.
Qxa3 Ba5 25. Bc3 Qc7 26. Rb1 Rb8 27. Rb2 b5 28. cxb6 Bxb6 29. Reb1 Ba7 30. Rxb8+ Nxb8 31. Qb4 c5 32. Qb7 1-0

[Event "Early-Titled-Tuesday-Blitz-May-14-2024"]
[Site "Chess.com"]
[Date "2024.05.14"]
[Round "4"]
[White "KatakuriDono"]
[Black "Jesseinkman"]
[Result "0-1"]
[WhiteElo "2309"]
[BlackElo "2523"]
[TimeControl "180+1"]
[EndTime "8:39:36 PDT"]
[Termination "Jesseinkman won by resignation"]

1. d4 d5 2. c4 e6 3. Nc3 Nf6 4. cxd5 exd5 5. Bg5 c6 6. e3 Bf5 7. Qf3 Bg6 8. Bxf6 Qxf6 9. Qxf6 gxf6 10. Nge2 Nd7 11. Nf4 Bb4 12. Bd3 Nb6 13. a3 Bd6 14.
Nce2 Rg8 15. g3 O-O-O 16. h4 Rde8 17. h5 Be4 18. Bxe4 dxe4 19. Rc1 Kb8 20. h6 Rg5 21. Nh5 Nd5 22. Nef4 Bxf4 23. Nxf4 Nxf4 24. gxf4 Rg2 25. Ke2 Reg8 26. Rc5 R8g6 27. d5 cxd5 28. Rxd5 R6g3 29.
Rc1 a6 30. Rd7 Rf3 31. Rf1 Rg6 32. Rxf7 Rxh6 33. Re7 f5 34. Rf7 Rc6 35. Rd1 Rc2+ 36. Rd2 Rxf2+ 37. Kxf2 Rxd2+ 38. Kf1 Rxb2 39. Rxf5 Rb3 40.
Rh5 Rxe3 41. f5 Rxa3 42. Ke2 Rf3 43. Rxh7 Rxf5 44. Ke3 Rd5 45. Kxe4 Rd8 46. Rh1 Ka7 47. Rh2 a5 48. Rh1 Ka6 49. Rh2 b6 50. Rh1 a4 51.
Rh2 Ka5 52. Rh1 b5 0-1

[Event "Early-Titled-Tuesday-Blitz-May-14-2024"]
[Site "Chess.com"]
[Date "2024.05.14"]
[Round "4"]
[White "Actuary44"]
[Black "Maria_Elayza"]
[Result "0-1"]
[WhiteElo "2477"]
[BlackElo "2272"]
[TimeControl "180+1"]
[EndTime "8:39:37 PDT"]
[Termination "Maria_Elayza won on time"]

1. e4 e6 2. d4 d5 3. Nc3 dxe4 4. Nxe4 Nd7 5. Nf3 Ngf6 6. Neg5 h6 7. Nh3 Bd6 8. Bd3 c5 9. dxc5 Bxc5 10. Qe2 Qc7 11.
Bf4 Bd6 12. Bxd6 Qxd6 13. O-O-O Qc7 14. g3 Nc5 15. Nf4 O-O 16. Ne5 Bd7 17. Kb1 Bc6 18. Nxc6 Qxc6 19. g4 Nxd3 20. Nxd3 Qe4 21. Qxe4 Nxe4 22.
Rhe1 Ng5 23. Ne5 Rfd8 24. h4 Nh7 25. Nd3 Nf6 26. g5 hxg5 27. hxg5 Nd5 28. g6 Kf8 29. gxf7 Kxf7 30. Nc5 b6 31. Nxe6 Nc3+ 32. Kc1 Rxd1+ 33. Rxd1 Nxd1 34. Ng5+ Kg6 0-1

[Event "Early-Titled-Tuesday-Blitz-May-14-2024"]
[Site "Chess.com"]
[Date "2024.05.14"]
[Round "4"]
[White "NowInChess"]
[Black "Chernov_Mikhail"]
[Result "1-0"]
[WhiteElo "2255"]
[BlackElo "2380"]
[TimeControl "180+1"]
[EndTime "8:39:37 PDT"]
[Termination "NowInChess won by resignation"]

1. e4 e5 2. Nf3 Nf6 3. Nc3 Nc6 4. d4 d6 5. dxe5 dxe5 6. Qxd8+ Kxd8 7. Bb5 Nd4 8. Nxd4 exd4 9. Ne2 c6 10. Bc4 Nxe4 11. Nxd4 Nd6 12. Bb3 g6 13. Bg5+ Be7 14. Bxe7+ Kxe7 15. O-O-O Nf5 16. Rhe1+ Kf6 17. Nf3 Be6 18.
Bxe6 fxe6 19. Rd7 Rab8 20. g4 Ne7 21. Nd4 Rhd8 22. Rxe6+ Kg5 23. Rexe7 Rf8 24. Ne6+ 1-0

[Event "Early-Titled-Tuesday-Blitz-May-14-2024"]
[Site "Chess.com"]
[Date "2024.05.14"]
[Round "4"]
[White "RamonManon0g"]
[Black "SujanaLohani"]
[Result "1-0"]
[WhiteElo "2432"]
[BlackElo "1971"]
[TimeControl "180+1"]
[EndTime "8:39:38 PDT"]
[Termination "RamonManon0g won by resignation"]

1. e4 c5 2. Nf3 g6 3. c3 d5 4. exd5 Qxd5 5. d4 cxd4 6. Nxd4 Bg7 7. Bb5+ Bd7 8. Bxd7+ Nxd7 9. O-O Ngf6 10. Re1 O-O 11. Rxe7 Rfe8 12. Rxe8+ Rxe8 13. Nd2 Ne5 14. Nf1 Nc4 15.
Ne3 Nxe3 16. Bxe3 h5 17. h3 Ne4 18. Qb3 Qd7 19. Rd1 a6 20. a4 Nc5 21. Qc2 Qxa4 22.
b3 Qd7 23. Nf3 Qc7 24. c4 Ne4 25. c5 Nc3 26. Rd3 Ne4 27. b4 b6 28. c6 Rc8 29. Rd7 Qxc6 30. Rd8+ Bf8 31. Rxc8 Qd7 32. Bh6 1-0

[Event "Early-Titled-Tuesday-Blitz-May-14-2024"]
[Site "Chess.com"]
[Date "2024.05.14"]
[Round "4"]
[White "BilodeauA"]
[Black "BeautiFullMindChess"]
[Result "1-0"]
[WhiteElo "2899"]
[BlackElo "2314"]
[TimeControl "180+1"]
[EndTime "8:39:39 PDT"]
[Termination "BilodeauA won by resignation"]

1. e4 c6 2. Nf3 d5 3. d3 Nf6 4. e5 Nfd7 5. d4 e6 6. Bd3 c5 7. c3 Nc6 8. O-O Be7 9. a3 c4 10. Bc2 b5 11. Ne1 Nb6 12. f4 f5 13. exf6 gxf6 14.
f5 e5 15. dxe5 Bc5+ 16. Kh1 Nxe5 17. Qh5+ Kd7 18. Bf4 Bd6 19. Nd2 Kc7 20. Ndf3 Bb7 21. Nd4 Qd7 22. Nef3 Rae8 23. Rae1 a6 24. Ne6+ Kb8 25.
Nxe5 fxe5 26. Rxe5 Rhg8 27. Nc5 Bxe5 28. Bxe5+ Rxe5 29. Nxd7+ Nxd7 30. Qf7 Rd8 31. Bd1 Rde8 32. Qxd7 1-0

[Event "Early-Titled-Tuesday-Blitz-May-14-2024"]
[Site "Chess.com"]
[Date "2024.05.14"]
[Round "4"]
[White "Mikhail_Bryakin"]
[Black "becemix"]
[Result "1-0"]
[WhiteElo "2891"]
[BlackElo "2604"]
[TimeControl "180+1"]
[EndTime "8:39:39 PDT"]
[Termination "Mikhail_Bryakin won by resignation"]

1. e4 e5 2. Nf3 Nc6 3. d4 exd4 4. Bc4 Nf6 5. e5 d5 6. Bb5 Ne4 7. O-O Bd7 8. Bxc6 bxc6 9. Nxd4 c5 10. Nf3 Bg4 11. h3 Bh5 12. c4 c6 13. Nc3 Nxc3 14. bxc3 Be7 15. Be3 O-O 16. Qa4 Bxf3 17. gxf3 Qd7 18.
cxd5 Qxh3 19. d6 Bd8 20. Qg4 Qxg4+ 21. fxg4 Bb6 22. f4 Rfe8 23. Bf2 g5 24. Bg3 c4+ 25. Kg2 f6 26. exf6 Re2+ 27. Kh3 gxf4 28. Bxf4 Kf7 29. g5 Rae8 30. d7 Rd8 31. Rad1 Ke6 32. Rd6+ 1-0

[Event "Early-Titled-Tuesday-Blitz-May-14-2024"]
[Site "Chess.com"]
[Date "2024.05.14"]
[Round "4"]
[White "dropstoneDP"]
[Black "dinushkipremanath"]
[Result "1-0"]
[WhiteElo "2977"]
[BlackElo "2056"]
[TimeControl "180+1"]
[EndTime "8:39:40 PDT"]
[Termination "dropstoneDP won by checkmate"]

1. e4 e6 2. d4 d5 3. e5 c5 4. c3 Bd7 5. Nf3 Bc6 6. Bd3 Qd7 7. O-O Bb5 8. Bxb5 Qxb5 9. a4 Qd7 10. Na3 a6 11. Nc2 Nc6 12. dxc5 Bxc5 13. b4 Ba7 14. b5 Na5 15. Be3 Ne7 16. Bxa7 Rxa7 17. Ne3 O-O 18. c4 axb5 19. axb5 Rd8 20. cxd5 Nxd5 21. Nxd5 Qxd5 22. Qxd5 Rxd5 23. Rfc1 h6 24. Rc8+ Kh7 25. h4 Rxb5 26. Rd1 Nc6 27. Rd7 Nxe5 28. Nxe5 Rxe5 29. Rxf7 Kg6 30.
Rcc7 Kh5 31. Rxg7 Kxh4 32. Rc4+ Kh5 33. g3 Ra1+ 34. Kg2 Rg5 35. Rh4# 1-0

[Event "Early-Titled-Tuesday-Blitz-May-14-2024"]
[Site "Chess.com"]
[Date "2024.05.14"]
[Round "4"]
[White "Mikhail_Golubev"]
[Black "OppieZippy"]
[Result "1-0"]
[WhiteElo "2550"]
[BlackElo "2350"]
[TimeControl "180+1"]
[EndTime "8:39:41 PDT"]
[Termination "Mikhail_Golubev won by resignation"]

1. e4 Nf6 2. e5 Nd5 3. d4 d6 4.
Nf3 dxe5 5. Nxe5 c6 6. h3 Bf5 7. Bd3 Bxd3 8. Qxd3 Nd7 9. Nf3 N7f6 10. O-O e6 11. c4 Nb4 12. Qe2 Be7 13. a3 Na6 14. b4 O-O 15. Nc3 Nc7 16. Bf4 a5 17.
Rab1 axb4 18. axb4 Ra3 19. Rfc1 Na6 20. b5 cxb5 21.
Nxb5 Ra4 22. Qc2 Qa5 23. Nd6 Bxd6 24. Bxd6 Rc8 25. Ne5 b5 26. Rxb5 Qd8 27. Qxa4 Qxd6 28. c5 Qd5 29. Qxa6 Ra8 30. Qc6 Qxc6 31. Nxc6 h5 32.
Rb8+ Rxb8 33. Nxb8 Kf8 34. c6 Nd5 35. c7 Nxc7 36.
Rxc7 1-0

[Event "Early-Titled-Tuesday-Blitz-May-14-2024"]
[Site "Chess.com"]
[Date "2024.05.14"]
[Round "4"]
[White "ImportedItalianMaple"]
[Black "CSB7"]
[Result "0-1"]
[WhiteElo "2589"]
[BlackElo "2774"]
[TimeControl "180+1"]
[EndTime "8:39:44 PDT"]
[Termination "CSB7 won by resignation"]

1. e4 e5 2. Nc3 Nf6 3. Bc4 Nxe4 4. Qh5 Nd6 5. Qxe5+ Qe7 6. Qxe7+ Bxe7 7. Bb3 Nf5 8. Nf3 c6 9. d4 d5 10. g4 Nd6 11. Rg1 Nd7 12. Bf4 Nf6 13. h3 h5 14.
g5 Nfe4 15. h4 f6 16. Ne2 Rf8 17. Be3 Bg4 18. gxf6 Bxf6 19. Ne5 Bxh4 20. Nxg4 hxg4 21. Rxg4 g5 22. Ng3 O-O-O 23. Nxe4 Nxe4 24. Ke2 Rde8 25. c4 Nxf2 26. Rg2 Nh3 27. cxd5 Nf4+ 0-1

[Event "Early-Titled-Tuesday-Blitz-May-14-2024"]
[Site "Chess.com"]
[Date "2024.05.14"]
[Round "4"]
[White "aloe_normansen"]
[Black "Adar_07"]
[Result "1-0"]
[WhiteElo "2575"]
[BlackElo "2716"]
[TimeControl "180+1"]
[EndTime "8:39:44 PDT"]
[Termination "aloe_normansen won by resignation"]

1. e4 e5 2. Nf3 Nc6 3. Bb5 Nf6 4.
O-O Nxe4 5. d4 Nd6 6. dxe5 Nxb5 7. a4 Nbd4 8. Nxd4 d5 9. exd6 Bxd6 10. Nxc6 bxc6 11. Re1+ Be6 12. Nc3 O-O 13. Qf3 Qd7 14. Bf4 Rab8 15. b3 Rfe8 16. h3 Rb4 17. Bh2 Bxh2+ 18.
Kxh2 Qd2 19. Re2 Qd6+ 20. Kg1 Rd4 21. Rae1 Rd8 22. Qe3 a6 23. Qg5 c5 24. Ne4 Rxe4 25.
Rxe4 h6 26. Qe3 Bd5 27. Re8+ Rxe8 28. Qxe8+ Kh7 29. Qe5 Qd7 30. Rd1 c6 31. c4 Qe6 32.
Qxe6 Bxe6 33. Rd6 1-0

[Event "Early-Titled-Tuesday-Blitz-May-14-2024"]
[Site "Chess.com"]
[Date "2024.05.14"]
[Round "4"]
[White "AniJak"]
[Black "SharapovEvgeny"]
[Result "0-1"]
[WhiteElo "2386"]
[BlackElo "2640"]
[TimeControl "180+1"]
[EndTime "8:39:44 PDT"]
[Termination "SharapovEvgeny won by resignation"]

1. e4 c5 2. Nc3 Nc6 3. g3 g6 4. Bg2 Bg7 5. d3 d6 6. Nh3 e5 7. O-O Bxh3 8. Bxh3 Nge7 9. f4 exf4 10. gxf4 f5 11. exf5 O-O 12. fxg6 hxg6 13. Be6+ Kh7 14. Qg4 Nf5 15. Ne4 Bh6 16. Ng5+ Bxg5 17. fxg5 Ncd4 18.
Bd5 Kg7 19. c3 Nc2 20. Rb1 Qe7 21. Be4 Nce3 22. Bxe3 Nxe3 23. Qh4 Rh8 24. Qg3 Nxf1 25. Rxf1 Raf8 26. Rxf8 Rxf8 27. Qh4 Rh8 28. Qg4 Qf7 29. Qg3 Rf8 30. Bg2 Qf4 31. Qe1 Qxg5 32. c4 Qe5 33.
Qa5 Qe3+ 0-1

[Event "Early-Titled-Tuesday-Blitz-May-14-2024"]
[Site "Chess.com"]
[Date "2024.05.14"]
[Round "4"]
[White "Fjal"]
[Black "GrotBchess"]
[Result "0-1"]
[WhiteElo "2327"]
[BlackElo "2532"]
[TimeControl "180+1"]
[EndTime "8:39:45 PDT"]
[Termination "GrotBchess won by resignation"]

1. Nf3 Nf6 2. g3 g6 3. Bg2 Bg7 4. O-O d5 5. d4 O-O 6. c4 c6 7. Na3 Ne4 8. b3 Bf5 9. Bb2 Nd7 10.
cxd5 cxd5 11. Rc1 Ndf6 12. Nh4 Be6 13. Nb5 a6 14. Nc7 Rc8 15. Nxe6 fxe6 16. Bh3 Qd6 17.
Rxc8 Rxc8 18. Ba3 Qd7 19. Nf3 Ne8 20. Nd2 N8d6 21. Bg2 Nc3 22. Qe1 Bxd4 23. e3 Bg7 24. Kh1 Nxa2 25. Nf3 Nc3 26. Bb2 Nce4 27. Bxg7 Kxg7 28.
Bh3 Nf5 29. Ne5 Qd6 30. Qa1 Kg8 31. g4 Ng7 32. g5 Nxg5 33. Bg2 Nf7 34. Ng4 h5 35.
Rc1 Rxc1+ 36. Qxc1 hxg4 37. Qc8+ Kh7 0-1

[Event "Early-Titled-Tuesday-Blitz-May-14-2024"]
[Site "Chess.com"]
[Date "2024.05.14"]
[Round "4"]
[White "Sadykov_Ramil"]
[Black "mistrzemi"]
[Result "1-0"]
[WhiteElo "2614"]
[BlackElo "2432"]
[TimeControl "180+1"]
[EndTime "8:39:46 PDT"]
[Termination "Sadykov_Ramil won by resignation"]

1. a3 Nf6 2. Nf3 d5 3. e3 c5 4. c4 e6 5. cxd5 exd5 6. d4 Nc6 7. Bb5 a6 8. Bxc6+ bxc6 9. dxc5 Bxc5 10. Qc2 Bb6 11.
Nc3 O-O 12. Na4 Ba7 13. O-O Qe7 14. b4 a5 15. Bd2 Ba6 16. Rfc1 Rac8 17. bxa5 c5 18. Bc3 Ne4 19. Nb6 Rcd8 20. Be5 Rfe8 21. h3 Qe6 22. Rab1 Qg6 23. Bc7 Rc8 24. Nxc8 Rxc8 25. Bb6 Bb8 26. Bxc5 h6 27. Rb6 Rc6 1-0

[Event "Early-Titled-Tuesday-Blitz-May-14-2024"]
[Site "Chess.com"]
[Date "2024.05.14"]
[Round "4"]
[White "Artemiki"]
[Black "Akewjon"]
[Result "1-0"]
[WhiteElo "2610"]
[BlackElo "2778"]
[TimeControl "180+1"]
[EndTime "8:39:48 PDT"]
[Termination "Artemiki won by resignation"]

1. e4 c5 2. Nf3 d6 3. d4 cxd4 4. Nxd4 Nf6 5. Nc3 a6 6. Be3 e5 7. Nf3 Be7 8. Bc4 Be6 9. Bb3 O-O 10. O-O Qc7 11. Nh4 Nbd7 12. Nf5 Bxf5 13. exf5 Rac8 14.
Nd5 Nxd5 15. Bxd5 Nf6 16. c3 b5 17. a3 Qd7 18. g4 Nxd5 19. Qxd5 Rc4 20. h3 g6 21.
fxg6 hxg6 22. Rad1 Kg7 23. Qxe5+ Bf6 24. Bh6+ Kxh6 25.
Qxf6 d5 26. Rfe1 Re8 27. Rxe8 Qxe8 28. Rxd5 Qe1+ 29. Kh2 1-0